General information
- name: BNet
- type: Ladder team game (AT/RT)
- host: Battle.net
- saver: Deezer
map: Mur'gulOasis
- players: 8
- length: 43:53
- speed: Fast
- version: 1.26 W3XP
- replay type: Public
» download(213 KB)
Players
team 1 (winner)

»
legowrestler (
green | 57 APM | 929 actions | 16:09)
4 Archmage
2 Summon Water Elemental
2 Brilliance Aura
2 Mountain King
1 Storm Bolt
1 Bash
» actions
| Assign group hotkey | 15 | |
| Build / train | 46 | |
| Enter build submenu | 25 | |
| Enter hero's abilities submenu | 6 | |
| Right click | 524 | |
| Select / deselect | 186 | |
| Select group hotkey | 81 | |
| Use ability | 46 | |
929 total
» units
| Peasant | 9 | |
| Footman | 16 | |
| Rifleman | 1 | |
26 total
» upgrades
» buildings
| Altar of Kings | 1 | |
| Farm | 9 | |
| Lumber Mill | 1 | |
| Barracks | 2 | |
| Scout Tower | 7 | |
| Guard Tower | 5 | |
| Blacksmith | 1 | |
| Keep | 1 | |
| Arcane Vault | 1 | |
| Castle | 1 | |
29 total
» build order
00:05 Altar of Kings
00:08 Farm
00:46 Farm
01:06 Lumber Mill
01:23 Farm
01:42 Barracks
02:03 Scout Tower
02:42 Guard Tower
02:46 Scout Tower
02:55 Barracks
03:25 Guard Tower
03:28 Scout Tower
04:01 Blacksmith
04:03 Farm
04:05 Guard Tower
04:41 Farm
05:56 Keep
05:59 Farm
06:58 Arcane Vault
08:01 Farm
10:20 Farm
10:57 Scout Tower
11:26 Guard Tower
11:29 Scout Tower
12:48 Guard Tower
12:50 Castle
12:53 Farm
13:25 Scout Tower
13:30 Scout Tower
» items
Deezer (
purple | 65 APM | 2832 actions | 43:53)
9 Blademaster
3 Wind Walk
3 Critical Strike
1 Bladestorm
2 Mirror Image
» actions
| Assign group hotkey | 97 | |
| Basic commands | 36 | |
| Build / train | 95 | |
| ESC pressed | 4 | |
| Enter build submenu | 30 | |
| Enter hero's abilities submenu | 9 | |
| Give item / drop item | 10 | |
| Right click | 1263 | |
| Select / deselect | 290 | |
| Select group hotkey | 817 | |
| Use ability | 180 | |
2832 total
» units
| Peon | 18 | |
| Grunt | 10 | |
| Wind Rider | 11 | |
39 total
» upgrades
| Berserker Strength | 1 | |
| Armor | 3 | |
| Ranged Weapons | 3 | |
| Envenomed Spears | 1 | |
| Reinforced Defenses | 1 | |
| Spiked Barricades | 1 | |
10 total
» buildings
| Orc Burrow | 5 | |
| Altar of Storms | 1 | |
| Barracks | 1 | |
| Voodoo Lounge | 1 | |
| Stronghold | 2 | |
| War Mill | 1 | |
| Fortress | 4 | |
| Beastiary | 2 | |
| Great Hall | 1 | |
| Watch Tower | 16 | |
34 total
» build order
00:11 Orc Burrow
00:51 Altar of Storms
00:52 Barracks
01:24 Orc Burrow
02:01 Voodoo Lounge
02:13 Orc Burrow
03:26 Stronghold
03:26 Stronghold
04:35 War Mill
05:10 Orc Burrow
05:50 Fortress
05:50 Fortress
05:51 Fortress
05:55 Beastiary
07:11 Beastiary
11:51 Great Hall
11:54 Watch Tower
11:56 Watch Tower
11:57 Watch Tower
12:38 Orc Burrow
13:41 Watch Tower
13:59 Watch Tower
15:47 Watch Tower
15:48 Watch Tower
15:54 Watch Tower
16:38 Watch Tower
16:38 Watch Tower
16:50 Watch Tower
18:19 Watch Tower
18:29 Watch Tower
20:03 Watch Tower
21:38 Watch Tower
21:44 Watch Tower
» items
| Healing Salve | 9 | |
| Lesser Clarity Potion | 2 | |
| Boots of Speed | 1 | |
| Orb of Lightning | 1 | |
13 total
heyyyyyyyyyyy (
yellow | 69 APM | 1115 actions | 16:04)
5 Archmage
3 Summon Water Elemental
2 Brilliance Aura
3 Paladin
2 Holy Light
1 Divine Shield
1 Mountain King
1 Storm Bolt
» actions
| Assign group hotkey | 20 | |
| Basic commands | 138 | |
| Build / train | 63 | |
| Enter build submenu | 19 | |
| Enter hero's abilities submenu | 9 | |
| Give item / drop item | 2 | |
| Remove unit from queue | 3 | |
| Right click | 226 | |
| Select / deselect | 283 | |
| Select group hotkey | 280 | |
| Use ability | 72 | |
1115 total
» units
| Peasant | 11 | |
| Rifleman | 12 | |
| Mortar Team | 5 | |
| Sorceress | 3 | |
| Priest | 2 | |
33 total
» upgrades
| Gunpowder | 2 | |
| Armor | 2 | |
| Long Rifles | 1 | |
| Lumber Harvesting | 1 | |
| Flare | 1 | |
| Sorceress Training | 1 | |
| Priest Training | 1 | |
| Fragmentation Shards | 1 | |
10 total
» buildings
| Altar of Kings | 1 | |
| Farm | 12 | |
| Blacksmith | 1 | |
| Barracks | 1 | |
| Lumber Mill | 1 | |
| Scout Tower | 1 | |
| Arcane Tower | 1 | |
| Keep | 1 | |
| Arcane Vault | 1 | |
| Arcane Sanctum | 1 | |
| Workshop | 1 | |
| Castle | 1 | |
23 total
» build order
00:19 Altar of Kings
00:34 Farm
01:01 Blacksmith
01:11 Barracks
01:21 Lumber Mill
01:28 Farm
02:08 Scout Tower
02:30 Farm
02:36 Arcane Tower
03:24 Farm
03:45 Keep
05:14 Arcane Vault
05:17 Farm
05:20 Farm
05:21 Farm
05:22 Farm
05:23 Farm
06:07 Arcane Sanctum
06:08 Workshop
08:26 Farm
08:27 Farm
10:00 Castle
10:49 Farm
» items
| Scroll of Town Portal | 1 | |
| Potion of Healing | 1 | |
2 total

»
BliPPiiee (
blue | 38 APM | 768 actions | 20:26)
3 Dark Ranger
1 Black Arrow
1 Life Drain
1 Silence
1 Lich
1 Frost Nova
» actions
| Assign group hotkey | 11 | |
| Basic commands | 98 | |
| Build / train | 71 | |
| Enter build submenu | 12 | |
| Enter hero's abilities submenu | 4 | |
| Give item / drop item | 1 | |
| Remove unit from queue | 1 | |
| Right click | 297 | |
| Select / deselect | 215 | |
| Select group hotkey | 22 | |
| Use ability | 36 | |
768 total
» units
| Ghoul | 6 | |
| Acolyte | 4 | |
| Crypt Fiend | 13 | |
| Gargoyle | 9 | |
| Mortar Team | 1 | |
| Flying Machine | 2 | |
| Sorceress | 2 | |
37 total
» upgrades
| Creature Attack | 2 | |
| Creature Carapace | 1 | |
| Burrow | 1 | |
| Web | 1 | |
| Sorceress Training | 1 | |
6 total
» buildings
| Crypt | 1 | |
| Graveyard | 1 | |
| Ziggurat | 6 | |
| Altar of Darkness | 1 | |
| Nerubian Tower | 1 | |
| Tomb of Relics | 1 | |
| Halls of the Dead | 2 | |
| Sacrificial Pit | 1 | |
| Black Citadel | 4 | |
| Workshop | 1 | |
| Spirit Tower | 2 | |
21 total
» build order
00:10 Crypt
00:17 Graveyard
00:32 Ziggurat
00:53 Altar of Darkness
02:41 Ziggurat
02:58 Nerubian Tower
04:50 Tomb of Relics
05:03 Ziggurat
06:18 Halls of the Dead
07:11 Ziggurat
07:14 Ziggurat
08:22 Ziggurat
08:55 Sacrificial Pit
12:24 Black Citadel
12:24 Black Citadel
12:25 Black Citadel
16:50 Workshop
17:45 Spirit Tower
» items
| Scroll of Town Portal | 4 | |
| Scroll of Regeneration | 1 | |
| Orb of Corruption | 1 | |
| Scroll of Healing | 1 | |
| Healing Salve | 4 | |
11 total
team 2 (loser)
diablo3-orpoe (
pink | 51 APM | 2216 actions | 43:52)
5 Blademaster
3 Wind Walk
2 Critical Strike
4 Shadow Hunter
2 Hex
2 Healing Wave
» actions
| Assign group hotkey | 48 | |
| Basic commands | 98 | |
| Build / train | 45 | |
| Enter build submenu | 17 | |
| Enter hero's abilities submenu | 9 | |
| Remove unit from queue | 1 | |
| Right click | 901 | |
| Select / deselect | 278 | |
| Select group hotkey | 703 | |
| Use ability | 116 | |
2216 total
» units
» upgrades
| Reinforced Defenses | 1 | |
| Envenomed Spears | 1 | |
| Ranged Weapons | 1 | |
| Armor | 1 | |
4 total
» buildings
| Altar of Storms | 1 | |
| Orc Burrow | 7 | |
| Voodoo Lounge | 3 | |
| War Mill | 1 | |
| Stronghold | 1 | |
| Watch Tower | 11 | |
| Beastiary | 3 | |
| Fortress | 1 | |
| Great Hall | 1 | |
29 total
» build order
00:06 Altar of Storms
00:21 Orc Burrow
01:01 Voodoo Lounge
01:36 War Mill
02:45 Stronghold
03:30 Watch Tower
03:31 Watch Tower
03:32 Watch Tower
04:04 Orc Burrow
04:05 Orc Burrow
05:23 Beastiary
05:24 Beastiary
05:50 Fortress
08:36 Orc Burrow
11:42 Beastiary
11:49 Watch Tower
11:49 Watch Tower
11:50 Watch Tower
11:52 Watch Tower
11:53 Watch Tower
11:53 Watch Tower
16:59 Voodoo Lounge
17:03 Great Hall
17:09 Orc Burrow
17:09 Orc Burrow
18:01 Watch Tower
18:01 Watch Tower
18:14 Voodoo Lounge
18:32 Orc Burrow
» items
| Healing Salve | 1 | |
| Lesser Clarity Potion | 2 | |
| Staff of Teleportation | 2 | |
| Scroll of Town Portal | 1 | |
| Potion of Lesser Invulnerability | 1 | |
7 total
MasterBlaster (
orange | 33 APM | 1445 actions | 43:52)
8 Archmage
3 Summon Water Elemental
3 Brilliance Aura
1 Mass Teleport
1 Blizzard
» actions
| Assign group hotkey | 16 | |
| Basic commands | 151 | |
| Build / train | 69 | |
| Enter build submenu | 29 | |
| Enter hero's abilities submenu | 8 | |
| Give item / drop item | 4 | |
| Remove unit from queue | 2 | |
| Right click | 548 | |
| Select / deselect | 335 | |
| Select group hotkey | 172 | |
| Use ability | 110 | |
1445 total
» units
| Peasant | 12 | |
| Footman | 4 | |
| Gryphon Rider | 7 | |
23 total
» upgrades
| Lumber Harvesting | 1 | |
| Masonry | 3 | |
| Swords | 3 | |
| Armor | 3 | |
| Animal War Training | 1 | |
| Storm Hammers | 1 | |
12 total
» buildings
| Altar of Kings | 2 | |
| Barracks | 1 | |
| Farm | 10 | |
| Scout Tower | 6 | |
| Arcane Tower | 1 | |
| Arcane Vault | 1 | |
| Keep | 1 | |
| Lumber Mill | 1 | |
| Castle | 1 | |
| Guard Tower | 3 | |
| Gryphon Aviary | 3 | |
| Blacksmith | 2 | |
| Town Hall | 1 | |
33 total
» build order
00:35 Altar of Kings
00:47 Altar of Kings
00:50 Barracks
00:53 Farm
00:54 Farm
01:05 Farm
01:39 Farm
01:59 Scout Tower
02:27 Arcane Tower
03:08 Arcane Vault
03:43 Keep
05:14 Lumber Mill
07:11 Castle
07:17 Scout Tower
07:18 Scout Tower
07:20 Scout Tower
07:54 Guard Tower
07:57 Scout Tower
08:25 Guard Tower
08:38 Scout Tower
08:52 Gryphon Aviary
08:52 Gryphon Aviary
08:53 Gryphon Aviary
08:58 Blacksmith
09:00 Blacksmith
09:15 Guard Tower
10:11 Farm
10:11 Farm
10:12 Farm
10:13 Farm
15:42 Farm
15:44 Farm
17:05 Town Hall
» items
| Scroll of Regeneration | 4 | |
| Mechanical Critter | 2 | |
| Scroll of Town Portal | 2 | |
| Potion of Mana | 1 | |
| Potion of Healing | 1 | |
| Lesser Clarity Potion | 1 | |
| Periapt of Vitality | 2 | |
| Staff of Teleportation | 1 | |
| Potion of Lesser Invulnerability | 3 | |
17 total

»
Legacy (
teal | 39 APM | 1723 actions | 43:52)
5 Demon Hunter
2 Mana Burn
3 Evasion
» actions
| Assign group hotkey | 9 | |
| Basic commands | 4 | |
| Build / train | 73 | |
| ESC pressed | 1 | |
| Enter build submenu | 36 | |
| Enter hero's abilities submenu | 5 | |
| Give item / drop item | 1 | |
| Remove unit from queue | 6 | |
| Right click | 867 | |
| Select / deselect | 364 | |
| Select group hotkey | 280 | |
| Use ability | 77 | |
1723 total
» units
| Wisp | 16 | |
| Archer | 16 | |
| Druid of the Claw | 9 | |
| Hippogryph | 10 | |
51 total
» upgrades
| Druid of the Claw Training | 2 | |
| Reinforced Hides | 1 | |
| Mark of the Claw | 1 | |
| Hippogryph Taming | 1 | |
| Strength of the Moon | 1 | |
| Ultravision | 0 | |
| Strength of the Wild | 0 | |
| Moon Armor | 1 | |
7 total
» buildings
| Altar of Elders | 1 | |
| Moon Well | 9 | |
| Ancient of War | 2 | |
| Tree of Ages | 1 | |
| Hunter's Hall | 1 | |
| Ancient of Lore | 2 | |
| Tree of Eternity | 1 | |
| Ancient of Wind | 3 | |
| Ancient Protector | 10 | |
| Tree of Life | 1 | |
31 total
» build order
00:11 Altar of Elders
00:15 Moon Well
00:20 Moon Well
00:48 Ancient of War
02:09 Moon Well
04:52 Tree of Ages
05:08 Ancient of War
06:03 Moon Well
07:06 Moon Well
07:18 Hunter's Hall
08:32 Ancient of Lore
08:35 Ancient of Lore
14:46 Tree of Eternity
19:14 Moon Well
19:14 Moon Well
19:17 Moon Well
19:19 Moon Well
20:59 Ancient of Wind
25:11 Ancient of Wind
25:14 Ancient of Wind
31:41 Ancient Protector
31:46 Ancient Protector
32:22 Ancient Protector
32:24 Ancient Protector
32:27 Ancient Protector
32:30 Ancient Protector
32:33 Ancient Protector
32:35 Ancient Protector
32:39 Ancient Protector
32:42 Ancient Protector
32:48 Tree of Life
» items
| Scroll of Healing | 1 | |
| Boots of Speed | 1 | |
2 total
dlwffl99 (
red | 22 APM | 949 actions | 43:52)
6 Archmage
2 Summon Water Elemental
3 Brilliance Aura
1 Mass Teleport
» actions
| Assign group hotkey | 18 | |
| Basic commands | 18 | |
| Build / train | 78 | |
| Enter build submenu | 16 | |
| Enter hero's abilities submenu | 6 | |
| Remove unit from queue | 8 | |
| Right click | 301 | |
| Select / deselect | 255 | |
| Select group hotkey | 146 | |
| Use ability | 103 | |
949 total
» units
| Peasant | 18 | |
| Footman | 3 | |
| Rifleman | 13 | |
| Priest | 10 | |
| Sorceress | 4 | |
48 total
» upgrades
| Gunpowder | 3 | |
| Armor | 3 | |
| Long Rifles | 1 | |
| Lumber Harvesting | 1 | |
| Priest Training | 2 | |
| Sorceress Training | 2 | |
12 total
» buildings
| Altar of Kings | 1 | |
| Farm | 10 | |
| Lumber Mill | 1 | |
| Barracks | 1 | |
| Blacksmith | 1 | |
| Keep | 1 | |
| Arcane Vault | 1 | |
| Arcane Sanctum | 1 | |
| Castle | 1 | |
18 total
» build order
00:29 Altar of Kings
00:36 Farm
00:53 Lumber Mill
01:07 Barracks
01:12 Farm
01:52 Farm
02:10 Blacksmith
02:35 Farm
03:12 Farm
03:21 Keep
03:33 Arcane Vault
03:51 Farm
04:33 Farm
05:12 Farm
06:51 Farm
06:59 Arcane Sanctum
07:17 Castle
08:15 Farm
» items
Chat log
(00:05 / Allies) heyyyyyyyyyyy: lets rush
(00:08 / Allies) heyyyyyyyyyyy: hero and 30 food
(00:20 / Allies) Deezer: no rush, me cc
(00:26 / Allies) heyyyyyyyyyyy: this is a rush map....
(00:35 / Allies) Deezer: me cc
(00:37 / Allies) Deezer: no rush'
(00:38 / Allies) Deezer: I cc
(00:45 / Allies) heyyyyyyyyyyy: well green and blue
(00:49 / Allies) heyyyyyyyyyyy: make a couple towers
(00:53 / Allies) legowrestler: lets just harass and see how it goes
(01:52 / All) diablo3-orpoe: so did peyton do steroids, fellows?
(01:58 / Allies) heyyyyyyyyyyy: i got rifles morts magic
(02:02 / All) heyyyyyyyyyyy: who cares
(02:13 / All) MasterBlaster: what do you mean
(02:24 / All) legowrestler: well im from indy so no
(02:27 / All) diablo3-orpoe: report is he did steroids for his neck
(02:29 / All) Deezer: I'm big and strong even without steroids
(02:37 / All) MasterBlaster: He didn't need to
(02:38 / All) Deezer: I get girls after me and fuck them when I don't even know their names
(02:39 / All) MasterBlaster: He went to Germany
(02:42 / All) Deezer: threesome every two weeks bro
(02:47 / All) MasterBlaster: they have all kinds of boss procedures that are banned in the US
(02:48 / All) Deezer: how mad you are?
(03:00 / Allies) heyyyyyyyyyyy: purple teal wisps going your way
(03:05 / Allies) heyyyyyyyyyyy: purple
(03:10 / Allies) Deezer: k
(03:40 / All) heyyyyyyyyyyy: trying to tower teaL?
(05:02 / All) MasterBlaster: should have double wind walked noob
(05:12 / All) diablo3-orpoe: u coulda helped
(05:18 / All) diablo3-orpoe: i had no mana retard
(05:24 / All) MasterBlaster: I don't got invis
(05:31 / All) diablo3-orpoe: his dr had like 5 hp
(05:39 / All) diablo3-orpoe: all u had to do was tap him
(05:52 / All) MasterBlaster: no sense in crying over spilled milk
(06:13 / Allies) heyyyyyyyyyyy: wood plz
(06:21 / Allies) legowrestler: hero
(06:37 / Allies) heyyyyyyyyyyy: back
(06:40 / Allies) heyyyyyyyyyyy: three up top
(06:41 / Allies) heyyyyyyyyyyy: go hit bottom
(06:47 / Allies) heyyyyyyyyyyy: all 4 up top
(06:53 / Allies) heyyyyyyyyyyy: we need help
(07:05 / Allies) Deezer: with what
(07:14 / Allies) legowrestler: blue hit bot
(07:17 / Allies) legowrestler: purp come with us
(07:23 / Allies) heyyyyyyyyyyy: you trollin tonight purple?
(07:25 / Allies) Deezer: me cc
(08:14 / Allies) heyyyyyyyyyyy: lets go again green
(10:09 / All) heyyyyyyyyyyy: gg
(10:13 / All) Deezer: I have noob team
(10:21 / All) MasterBlaster: ain't over till fat lady sings nigger
(10:53 / Allies) heyyyyyyyyyyy: gold plz
(11:11 / Allies) heyyyyyyyyyyy: again greenn
(11:13 / Allies) heyyyyyyyyyyy: lets goi
(12:38 / Allies) heyyyyyyyyyyy: back
(12:41 / Allies) heyyyyyyyyyyy: wtf is goiung on
(13:00 / Allies) heyyyyyyyyyyy: purple stop creeping
(13:04 / Allies) heyyyyyyyyyyy: wtf you doing
(13:05 / Allies) Deezer: how mad you are?
(13:13 / Allies) BliPPiiee: waiting my hero?
(13:25 / Allies) BliPPiiee: complain to purple not me
(13:26 / Allies) BliPPiiee: fucker
(13:50 / Allies) Deezer: wood me
(13:52 / Allies) Deezer: for units
(13:53 / Allies) Deezer: son
(14:14 / Allies) Deezer: wood sons
(14:15 / Allies) Deezer: wood me sons
(14:31 / Allies) legowrestler: purple there atking me and you're in your base
(14:32 / Allies) Deezer: no wood from noobs?
(14:35 / Allies) Deezer: no wood no help
(14:36 / Allies) legowrestler: no one wants to help you
(14:37 / Allies) Deezer: noob
(14:42 / Allies) Deezer: then no help for you noob
(14:43 / Allies) BliPPiiee: yellow
(14:45 / Allies) BliPPiiee: basically
(14:49 / Allies) BliPPiiee: u are blocking for them
(14:52 / Allies) Deezer: I kill more hydras
(14:54 / Allies) Deezer: how mod you are?
(14:55 / All) diablo3-orpoe: faggot yellow
(14:56 / All) diablo3-orpoe: u suck
(15:24 / Allies) heyyyyyyyyyyy: your base is trapping us green
(15:29 / Allies) Deezer: noob green
(15:56 / All) heyyyyyyyyyyy: well
(15:59 / All) heyyyyyyyyyyy: purple tked
(16:01 / All) Deezer: I have noob team
(16:02 / All) heyyyyyyyyyyy: without killin our units
(16:03 / All) Deezer: what?
(16:03 / All) heyyyyyyyyyyy: 3v4
(16:04 / All) diablo3-orpoe: stfu
(16:05 / All) Deezer: No I didn't
(16:05 / All) diablo3-orpoe: faggot
(16:06 / All) Deezer: noob
(16:07 / All) diablo3-orpoe: u got raped
(16:11 / Allies) Deezer: wood me
(16:12 / Allies) Deezer: noobs
(16:16 / All) Deezer: TK BLUE
(16:23 / All) Deezer: BLUE TK
(16:24 / All) Deezer: BLUE TK
(16:39 / All) diablo3-orpoe: blues that guy i owned on market square a few weeks ago
(16:53 / Allies) Deezer: wood
(16:55 / Allies) Deezer: wood me you noob
(16:56 / Allies) Deezer: wood noob?
(17:52 / Allies) Deezer: how mad you are?
(18:13 / Allies) Deezer: how mad you are bro?
(19:33 / Allies) Deezer: noob
(19:35 / Allies) Deezer: lol noob loses his base
(19:36 / Allies) Deezer: noob
(19:39 / Allies) Deezer: how mad you are son?
(19:42 / Allies) Deezer: how mad you are/?
(19:47 / All) diablo3-orpoe: blue sucks lol
(19:47 / Allies) Deezer: fucking scrub
(19:49 / Allies) Deezer: get the fuck out
(19:52 / All) Deezer: GET
(19:53 / All) Deezer: THE
(19:53 / All) Deezer: FUCK
(19:54 / All) Deezer: OUT
(19:55 / All) Deezer: BLUE
(19:55 / All) Deezer: NOOB
(20:03 / All) BliPPiiee: uwill see why we play like this
(20:06 / All) BliPPiiee: so shut it
(20:07 / All) BliPPiiee: noob
(20:25 / All) Deezer: NICE FAIL TK AT MY EXPO LOL
(20:27 / All) Deezer: 2 GHOULS AND LICH?
(20:29 / All) Deezer: MEGA NOOB
(20:29 / All) MasterBlaster: blue was the worst one lol
(20:36 / All) MasterBlaster: Nice tp position loser
(20:41 / All) MasterBlaster: when he tped to green
(20:48 / All) MasterBlaster: trapped himself
(20:59 / All) diablo3-orpoe: green and yellow did do good tho
(21:07 / All) MasterBlaster: they were mass tier 1
(21:17 / All) MasterBlaster: you had no tier 1 and teal is fresh off the boat
(21:32 / All) Deezer: noob teal?
(21:47 / All) MasterBlaster: Teal gave me 1k
(21:51 / All) MasterBlaster: I won't attack his units
(21:54 / All) MasterBlaster: He's a good ally
(21:58 / All) MasterBlaster: Minds his betters
(22:34 / All) Deezer: noob red
(22:41 / All) Deezer: how mad you are son?
(23:06 / All) Legacy: ty
(23:50 / All) Deezer: Scrub teal
(23:53 / All) Deezer: out scrub
(24:02 / All) diablo3-orpoe: teaching teal the ropes
(24:11 / All) Legacy: yes
(24:19 / All) Deezer: Teal is retard noob
(24:26 / All) Deezer: did you even play the campaign?
(24:34 / All) Deezer: if you beat the campaign on hard mode you can play like me
(24:44 / All) Deezer: you play so bad not sure, are you a bot?
(24:47 / All) Deezer: or a human player?
(24:49 / All) diablo3-orpoe: ive never beat it on easy
(24:52 / All) Deezer: so bad son
(24:59 / All) dlwffl99: Pink is tking
(25:01 / All) Deezer: so bad, so mad
(25:12 / All) Deezer: Red are you joking son?
(25:19 / All) Deezer: you're scrub noob son
(25:22 / All) dlwffl99: go check his base he's killing it
(25:28 / All) Deezer: you tk just by existing son
(25:29 / All) dlwffl99: yes I am a doctor
(25:32 / All) Deezer: your being in team game is a team kill bro
(25:44 / All) dlwffl99: yes I know because I'm perfect
(25:52 / All) Deezer: mega noob son
(25:53 / All) dlwffl99: thank you for the great compliments
(26:00 / All) Deezer: if this how bad you are in wc3 imagine how bad doctor you are son?
(26:01 / All) dlwffl99: yes you are I agree
(26:04 / All) diablo3-orpoe: lol
(26:10 / All) diablo3-orpoe: freakgn turncoat
(26:13 / All) Deezer: imagine if retard become doctor?
(26:15 / All) diablo3-orpoe: he knows me all too well
(26:17 / All) Deezer: how mad you are?
(26:20 / All) dlwffl99: let me operate on you and find out
(26:24 / All) dlwffl99: how mad are you?
(26:27 / All) Deezer: no retards operate on me son
(26:34 / All) diablo3-orpoe: guess i gotta love tap turncoat cuz he'll always own me
(26:35 / All) dlwffl99: you can't even say how mad are you properly
(26:36 / All) Deezer: how mad you are red?
(26:41 / All) dlwffl99: you said how mad you are
(26:42 / All) Deezer: how mad this makes you son?
(26:45 / All) Deezer: how mad you are?
(26:47 / All) dlwffl99: how are you you son?
(26:50 / All) dlwffl99: how mad are you?
(26:58 / All) dlwffl99: how mad this makes you?
(27:13 / All) MasterBlaster: red punch the wall?
(27:15 / All) MasterBlaster: how mad you are?
(27:17 / All) dlwffl99: seems you're too mad to answer your own questions
(27:19 / All) MasterBlaster: BANG
(27:22 / All) dlwffl99: how mad are you :)
(27:23 / All) dlwffl99: BANG
(27:29 / All) MasterBlaster: red punch the wall BANG
(27:37 / All) dlwffl99: ba da da DA DA I'm lovin it :)
(27:42 / All) MasterBlaster: Welcome to battle net, tael
(27:54 / All) Deezer: how mad you are red?
(27:55 / All) dlwffl99: this is a boring tk game honestly
(27:55 / All) Deezer: you lose son
(27:56 / All) MasterBlaster: da da da da IT'S THE MOTHERFUCKING D O DOUBLE G
(27:57 / All) Deezer: it's over son
(27:59 / All) Deezer: game over bro
(27:59 / All) MasterBlaster: how mad you are?
(28:01 / All) dlwffl99: how mad are you red?
(28:03 / All) dlwffl99: you lose
(28:05 / All) dlwffl99: it's over
(28:07 / All) Deezer: how mad you are red?
(28:07 / All) dlwffl99: game over
(28:09 / All) Deezer: you lose red
(28:12 / All) dlwffl99: how mad are you red?
(28:12 / All) Deezer: you're loser son
(28:15 / All) Deezer: I'm winner bro
(28:20 / All) Deezer: I bet you are virgin bro"
(28:20 / All) dlwffl99: you lose son
(28:24 / All) dlwffl99: I'm a winner bro
(28:26 / All) Deezer: I have threesome every two week
(28:30 / All) dlwffl99: I bet you are a virgin bro
(28:34 / All) Deezer: but I bet you masturbate in chair ever yday son
(28:37 / All) Deezer: you're virgin bro
(28:39 / All) dlwffl99: I have a threesome every two week
(28:45 / All) Deezer: I fuck so many girls I don't even know their names son
(28:49 / All) Deezer: they just line up
(28:50 / All) dlwffl99: but I bet you masturbate in chair every day son
(28:51 / All) Deezer: is deezer son
(28:52 / All) MasterBlaster: I gotta shat
(28:53 / All) Deezer: how mad you are?
(28:57 / All) dlwffl99: I fuck so many girls I don't even know their names
(28:58 / All) MasterBlaster: it's all up in my gutty wuts
(29:00 / All) dlwffl99: they just line up
(29:07 / All) Deezer: how mad you are red?
(29:07 / All) dlwffl99: how mad you are?
(29:14 / All) dlwffl99: how mad you are red?
(29:21 / All) Deezer: game over noob
(29:39 / All) dlwffl99: I'm glad you told yourself that you're a noob
(29:47 / All) dlwffl99: how mad you are son?
(29:50 / All) dlwffl99: how mad?
(29:55 / All) dlwffl99: how mad daughter?
(30:26 / All) Deezer: orange
(30:29 / All) Deezer: how mad you think red is?
(30:32 / All) dlwffl99: orange
(30:36 / All) dlwffl99: how mad you think red is?
(30:41 / All) Deezer: yeah we both want to know
(30:42 / All) MasterBlaster: extremely salty
(30:43 / All) Deezer: how mad he is?
(30:50 / All) dlwffl99: yeah we both want to know
(30:53 / All) dlwffl99: how mad he is?
(30:58 / All) MasterBlaster: I know you are but what am I
(31:07 / All) dlwffl99: I know you are but what am I?
(31:08 / All) Deezer: I'm 1-0 sons, 24 more wins to my icon, almost good enough to join a clan
(31:14 / All) MasterBlaster: I know you are but what am I?
(31:26 / All) dlwffl99: I know you aren't but what aren't you?
(31:36 / All) MasterBlaster: I know you aren't but what aren't you?
(32:02 / All) Legacy: so why did pink tk?
(33:37 / All) Deezer: omw
(34:18 / All) Legacy: why pink why??
(35:05 / All) diablo3-orpoe: if u cant beat em, lose to em'
(35:11 / All) diablo3-orpoe: which is what my grandfather used to say
(35:22 / All) MasterBlaster: he was a wise man
(35:34 / All) Legacy: I thought we were very close to winning?
(35:38 / All) MasterBlaster: Anyone left to say red and teal?
(35:51 / All) MasterBlaster: This game was rigged from the start, teal
(35:57 / All) Legacy: i see
(36:02 / All) diablo3-orpoe: teal why are u just started to playing this game now
(36:24 / All) Legacy: I just found my actually cd key after 13 years of searching for it
(36:44 / All) MasterBlaster: It's a fun game
(36:51 / All) Legacy: yes it is
(37:04 / All) Legacy: if people actually played legit
(37:09 / All) MasterBlaster: No
(37:14 / All) MasterBlaster: It's more fun to team kill
(37:37 / All) Legacy: apparentely
(37:57 / All) Legacy: whosyourrdaddyu
(38:01 / All) diablo3-orpoe: teal ill trade world of warcraft gold for amazon credit
(38:16 / All) Deezer: Pink will give you this win for amazon credit
(38:19 / All) Deezer: give each of us amazon credit
(38:25 / All) Deezer: and you can win
(38:45 / All) diablo3-orpoe: ONLY ME cuz im teh reason we held off yellow and green with my bm sh sniping
(39:09 / All) MasterBlaster: my forces were the backbone of that defense
(39:13 / All) MasterBlaster: I'm gonna take a crap
(39:16 / All) MasterBlaster: you guys end whenever
(39:24 / All) diablo3-orpoe: yellows sorc and rifles owned ur griffs tho
(40:10 / All) Legacy: to the left
(40:16 / All) Legacy: to the left
(40:26 / All) Legacy: everyhting you own to the box on the left
(40:48 / All) diablo3-orpoe: teal can u gift me any steam gamees
(40:52 / All) diablo3-orpoe: i need more
(41:00 / All) diablo3-orpoe: im getting new grahpis card next week
(41:12 / All) Legacy: not after tking me
(41:17 / All) diablo3-orpoe: y not
(41:22 / All) Deezer: If you gift a game
(41:23 / All) Deezer: you get a win
(41:24 / All) diablo3-orpoe: i just was following orange's orders
(41:29 / All) Deezer: and lots of games are on sale
(41:32 / All) Deezer: just a few bucks for a win!
(41:58 / All) diablo3-orpoe: can u gift me sonic and all star racing transformed
(42:24 / All) diablo3-orpoe: uh it should be 4 bucks let me see
(42:54 / All) diablo3-orpoe: no its 4.99
(42:59 / All) diablo3-orpoe: on sale for another week
(43:19 / All) Deezer: I don't think they'll pay up
(43:27 / All) Legacy: why dont you just get it?
(43:51 / All) diablo3-orpoe: cuz i usually just trade wow gold for amazon money